 Dungeon Sprint DCSS version 0.19.1 (webtiles) character file.

5259 equalderp2856 the Ripper (level 10, -6/49 HPs)
             Began as a Felid Fighter on Nov 29, 2016.
             Was the Champion of Vehumet.
             Hit by a tomahawk thrown by an orc warrior (18 damage)
             ... in the Dungeon (Sprint IX: "|||||||||||||||||||||||||||||").
             The game lasted 00:06:53 (2717 turns).

equalderp2856 the Ripper (Felid Fighter)            Turns: 2717, Time: 00:06:53

Health: -6/49      AC:  2    Str: 13    XL:     10   Next: 36%
Magic:  13/13      EV: 36    Int: 10    God:    Vehumet [******]
Gold:   667        SH:  0    Dex: 21    Spells: 1 memorised, 4 levels left
                                        Lives:  0   Deaths: 2

rFire  . . .     SeeInvis +       - Unarmed
rCold  . . .     Gourm    .     (armour unavailable)
rNeg   . . .     Faith    .     (shield unavailable)
rPois  .         Spirit   .     (helmet unavailable)
rElec  .         Reflect  .     (cloak unavailable)
rCorr  .         Harm     .     (gloves unavailable)
MR     +....     NoTele   +     (boots unavailable)
Stlth  ++++++....               (no amulet)
                                n - +2 ring of evasion
                                m - +3 ring of dexterity

@: quick
A: no armour, no weapons or thrown items, stealth, claws 1, fangs 3, see
invisible, carnivore 3, speed 1, shaggy fur 2, slow metabolism 1, sharp paws
a: Renounce Religion


You were in the Dungeon.
You worshipped Vehumet.
Vehumet was exalted by your worship.
You were not hungry.

You visited 1 branch You collected 667 gold pieces.

Inventory:

Jewellery
 m - a +3 ring of dexterity (left paw)
 n - a +2 ring of evasion (right paw)
 u - an uncursed amulet of faith
Wands
 l - a wand of lightning (3/15)
Scrolls
 h - 3 scrolls of blinking
 j - 5 scrolls of remove curse
 k - 2 scrolls of amnesia
 r - 3 scrolls of magic mapping
 s - 2 scrolls of fear
 t - a scroll of recharging
Potions
 a - a potion of might
 c - 2 potions of curing
 d - a potion of heal wounds
 e - a potion of haste
 f - 4 potions of magic
 g - 2 potions of berserk rage
 i - a potion of invisibility
 o - a potion of brilliance
 p - a potion of cure mutation
 v - a potion of agility
Books
 q - a book of Necromancy

   Spells                             Type                      Level
   a - Pain                           Necromancy                   1
   b - Animate Skeleton               Necromancy                   1
   c - Vampiric Draining              Necromancy                   3
   d - Regeneration                   Charms/Necromancy            3
   e - Animate Dead                   Necromancy                   4
   f - Control Undead                 Necromancy                   4
Comestibles
 b - 13 meat rations


   Skills:
 + Level 9.5 Fighting
 + Level 16.2 Dodging
 + Level 12.3 Stealth
 + Level 20.5 Unarmed Combat
 + Level 3.6 Evocations


You had 4 spell levels left.
You knew the following spells:

 Your Spells              Type           Power        Failure   Level  Hunger
a - Lee's Rapid Deconstr  Erth           #.........   99%         5    ######.


Dungeon Overview and Level Annotations

Branches:
Dungeon (1/1)

Altars:
Cheibriados
Dithmenos
Elyvilon
Fedhas
Gozag
Hepliaklqana
Kikubaaqudgha
Makhleb
Nemelex Xobeh
Okawaru
Qazlal
Ru
Sif Muna
Trog
Uskayaw
Vehumet
Xom
Yredelemnul
Zin
The Shining One
Beogh
Jiyva
Lugonu


Innate Abilities, Weirdness & Mutations

You cannot wear armour.
You are incapable of wielding weapons or throwing items.
Your paws allow you to move quietly. (Stealth)
You have sharp claws.
You have razor-sharp teeth.
You have supernaturally acute eyesight. (SInv)
You are carnivorous and can eat meat at any time.
You cover ground quickly.
You are covered in thick fur. (AC +2)
You have a slow metabolism.
Your sharp claws are effective at attacking unaware monsters.


Message History

The orc wizard looks satisfied for a moment.
You scratch the orc warrior but do no damage.
The orc warrior is moderately wounded.
The orc priest calls down the wrath of Beogh upon you.
Beogh smites you!
* * * LOW HITPOINT WARNING * * *
The orc warrior completely misses you.
The orc warrior throws a tomahawk.
The tomahawk barely misses you.
Things that are here:
a trident; a chain mail; 50 gold pieces
Items here: $ ) [ † a dagger; a robe; 50 gold pieces; an orc corpse The orc warrior throws a tomahawk.
The tomahawk closely misses you.
Items here: $ ( ) [ † a dire flail; 5 tomahawks; a plate armour; 50 gold pieces; an orc corpse The orc priest looks encouraged for a moment.
The orc warrior throws a tomahawk.
The tomahawk completely misses you.
There is an open door, spattered with blood here.
The orc warrior throws a tomahawk.
The tomahawk hits you!!
You die...

▓_▓.▓.▓.▓o▓
▓_▓.▓.▓.▓o▓
▓_▓.▓.▓.▓o▓
▓_▓.▓'▓.▓)▓
▓_▓.▓.▓)▓)▓
▓_▓.▓.▓.▓)▓
▓_▓.▓.▓.▓)▓
▓_▓.▓.▓.▓'▓
▓_▓.▓.▓.▓@▓
▓_▓.▓.▓.▓(▓
▓_▓.▓.▓.▓)▓
▓_▓.▓.▓.▓)▓
▓_▓.▓.▓.▓)▓
▓_▓.▓'▓.▓.▓
▓_▓.▓.▓.▓)▓
▓_▓.▓.▓.▓.▓
▓_▓.▓.▓.▓.▓


You could see an orc warrior and an orc wizard (invisible).

Vanquished Creatures
  A stone giant (D)
  Josephine (D)
  Erolcha (D)
  A hydra (D)
  An unseen horror (D)
  2 orc sorcerers (D)
  2 black mambas (D)
  3 spiny frogs (D)
  2 trolls (D)
  A polar bear (D)
  A tyrant leech (D)
  3 blink frogs (D)
  5 wraiths (D)
  A yak (D)
  2 vampire mosquitoes (D)
  A porcupine (D)
  4 water moccasins (D)
  9 orc warriors (D)
  A big kobold (D)
  2 crocodiles (D)
  7 bullfrogs (D)
  A howler monkey (D)
  A crimson imp (D)
  A hound (D)
  An orc priest (D)
  3 worker ants (D)
  4 orc wizards (D)
  An adder (D)
  3 leopard geckos (D)
  3 orcs (D)
  A giant cockroach (D)
  2 hobgoblins (D)
  A giant cockroach zombie (D)
73 creatures vanquished.

Notes
Turn   | Place    | Note
-------+----------+-------------------------------------------
     0 | D        | equalderp2856 the Felid Fighter began the quest for the Orb.
     0 | D        | Reached XP level 1. HP: 10/10 MP: 2/2
    19 | D        | Reached skill level 5 in Unarmed Combat
    19 | D        | Reached XP level 2. HP: 4/14 MP: 3/3
   202 | D        | Noticed a crimson imp
   208 | D        | Reached skill level 5 in Dodging
   215 | D        | Killed a crimson imp
   215 | D        | Reached skill level 6 in Unarmed Combat
   215 | D        | Reached XP level 3. HP: 15/18 MP: 4/4
   216 | D        | Reached skill level 7 in Unarmed Combat
   216 | D        | Reached XP level 4. HP: 18/22 MP: 5/5
   225 | D        | Reached skill level 5 in Fighting
   225 | D        | Reached skill level 8 in Unarmed Combat
   324 | D        | Found a roughly hewn altar of Beogh.
   324 | D        | Found a snail-covered altar of Cheibriados.
   324 | D        | Found a shadowy altar of Dithmenos.
   324 | D        | Found a white marble altar of Elyvilon.
   324 | D        | Found a blossoming altar of Fedhas.
   324 | D        | Found an opulent altar of Gozag.
   325 | D        | Found a hazy altar of Hepliaklqana.
   326 | D        | Found a viscous altar of Jiyva.
   327 | D        | Found an ancient bone altar of Kikubaaqudgha.
   328 | D        | Found a corrupted altar of Lugonu.
   329 | D        | Found a burning altar of Makhleb.
   330 | D        | Found a sparkling altar of Nemelex Xobeh.
   331 | D        | Found an iron altar of Okawaru.
   332 | D        | Found a stormy altar of Qazlal.
   333 | D        | Found a sacrificial altar of Ru.
   334 | D        | Found a deep blue altar of Sif Muna.
   335 | D        | Found a bloodstained altar of Trog.
   336 | D        | Found a hide-covered altar of Uskayaw.
   337 | D        | Found a radiant altar of Vehumet.
   342 | D        | Found a shimmering altar of Xom.
   343 | D        | Found a basalt altar of Yredelemnul.
   344 | D        | Found a glowing silver altar of Zin.
   345 | D        | Found a glowing golden altar of the Shining One.
   351 | D        | Became a worshipper of Vehumet
   375 | D        | Noticed a troll
   375 | D        | Noticed a troll
   378 | D        | Reached XP level 5. HP: 26/26 MP: 6/6
   386 | D        | Killed a troll
   386 | D        | Reached * piety under Vehumet
   386 | D        | Offered knowledge of Freeze by Vehumet.
   386 | D        | Reached skill level 1 in Stealth
   386 | D        | Reached skill level 11 in Unarmed Combat
   386 | D        | Gained mutation: You are covered in thick fur. (AC +2) [Felid growth]
   386 | D        | Reached XP level 6. HP: 27/31 MP: 7/7
   450 | D        | Killed a troll
   450 | D        | Reached skill level 10 in Dodging
   450 | D        | Reached skill level 12 in Unarmed Combat
   450 | D        | Reached skill level 1 in Evocations
   450 | D        | Reached XP level 7. HP: 10/36 MP: 8/8
   578 | D        | Reached ** piety under Vehumet
   578 | D        | Offered knowledge of Sting by Vehumet.
   724 | D        | Noticed an unseen horror
   736 | D        | Reached *** piety under Vehumet
   742 | D        | Reached skill level 13 in Unarmed Combat
   754 | D        | Killed an unseen horror
   754 | D        | Reached skill level 14 in Unarmed Combat
   754 | D        | Reached XP level 8. HP: 28/40 MP: 10/10
   955 | D        | Noticed a spiny frog
   955 | D        | Noticed a spiny frog
   955 | D        | Noticed an eight-headed hydra
   957 | D        | Killed an eight-headed hydra
   957 | D        | Offered knowledge of Dazzling Spray by Vehumet.
   957 | D        | Reached skill level 15 in Unarmed Combat
   957 | D        | Reached XP level 9. HP: 45/45 MP: 11/11
   958 | D        | Noticed a polar bear
   959 | D        | Reached **** piety under Vehumet
  1160 | D        | Killed a spiny frog
  1160 | D        | Offered knowledge of Static Discharge by Vehumet.
  1163 | D        | Killed a spiny frog
  1163 | D        | Reached ***** piety under Vehumet
  1163 | D        | Reached skill level 16 in Unarmed Combat
  1189 | D        | Killed a polar bear
  1225 | D        | Noticed a spiny frog
  1225 | D        | Noticed a black mamba
  1225 | D        | Noticed a black mamba
  1234 | D        | Killed a black mamba
  1241 | D        | Killed a black mamba
  1241 | D        | Reached skill level 10 in Stealth
  1243 | D        | Reached XP level 10. HP: 17/49 MP: 13/13
  1479 | D        | Killed a spiny frog
  1479 | D        | Offered knowledge of Stone Arrow by Vehumet.
  1479 | D        | Reached skill level 17 in Unarmed Combat
  1581 | D        | Reached ****** piety under Vehumet
  1749 | D        | Offered knowledge of Iskenderun's Battlesphere by Vehumet.
  1899 | D        | Reached skill level 15 in Dodging
  1899 | D        | Reached skill level 18 in Unarmed Combat
  1959 | D        | Noticed Josephine
  1974 | D        | Noticed Erolcha
  1987 | D        | Killed from afar by Josephine
  1988 | D        | Reached XP level 9. HP: -11/45 MP: 12/12
  2128 | D        | Killed Josephine
  2128 | D        | Offered knowledge of Lee's Rapid Deconstruction by Vehumet.
  2132 | D        | Reached XP level 10. HP: 49/49 MP: 13/13
  2197 | D        | Reached skill level 19 in Unarmed Combat
  2212 | D        | Killed Erolcha
  2273 | D        | Learned a level 5 spell: Lee's Rapid Deconstruction
  2274 | D        | Noticed a stone giant
  2285 | D        | Slain by a stone giant
  2286 | D        | Reached XP level 9. HP: -1/45 MP: 12/12
  2434 | D        | Killed a stone giant
  2508 | D        | Offered knowledge of Bolt of Magma by Vehumet.
  2542 | D        | Noticed an orc sorcerer
  2545 | D        | Reached XP level 10. HP: 48/49 MP: 13/13
  2556 | D        | Killed an orc sorcerer
  2556 | D        | Reached skill level 20 in Unarmed Combat
  2684 | D        | Noticed an orc sorcerer
  2689 | D        | Offered knowledge of Poisonous Cloud by Vehumet.
  2695 | D        | Killed an orc sorcerer
  2717 | D        | Hit by a tomahawk thrown by an orc warrior

Skill      XL: |  1  2  3  4  5  6  7  8  9 10 |
---------------+-------------------------------+-----
Unarmed Combat | 5 6 7 8 11 12 14 15 16 20 | 20.5
Dodging        | 6 7 9 10 12 16 15 | 16.2
Fighting       | 4 5 6 7 8 9 |  9.5
Stealth        | 1 4 6 12 11 | 12.3
Evocations     | 1 2 3 |  3.6

Action                   |  1- 3 |  4- 6 |  7- 9 | 10-12 || total
-------------------------+-------+-------+-------+-------++-------
Melee: Unarmed           |    28 |    23 |   132 |   149 ||   332
       Bite              |     2 |     2 |    15 |    23 ||    42
       Punch             |     1 |     1 |    14 |    26 ||    42
Evoke: Wand              |       |     4 |       |       ||     4
  Use: Potion            |       |       |     4 |     5 ||     9
 Stab: Sleeping          |       |       |     4 |     2 ||     6
       Distracted        |       |       |     1 |     1 ||     2
  Eat: Chunk             |       |       |     4 |     2 ||     6
Armor: Skin              |     1 |     1 |     1 |     2 ||     5
Dodge: Dodged            |    27 |    25 |    95 |   112 ||   259
